 Dungeon Crawl Stone Soup version 0.21-a0-28-g9a7844a (webtiles) character file.

116 Chiseanne the Ducker (level 5, 3/35 HPs)
             Began as a Merfolk Air Elementalist on May 26, 2017.
             Quit the game on level 2 of the Dungeon.
             The game lasted 00:06:53 (2704 turns).

Chiseanne the Ducker (Merfolk Air Elementalist)     Turns: 2704, Time: 00:06:54

Health: 3/35       AC:  2    Str: 14    XL:     5   Next: 0%
Magic:  2/8        EV: 14    Int: 15    God:
Gold:   122        SH:  0    Dex: 14    Spells: 3/9 levels left

rFire    . . .     SeeInvis .   a - +1 mace
rCold    . . .     Gourm    .   (no shield)
rNeg     . . .     Faith    .   e - +0 robe
rPois    .         Spirit   .   (no helmet)
rElec    .         Reflect  .   (no cloak)
rCorr    .         Harm     .   (no gloves)
MR       .....                  (no boots)
Stlth    ++........             j - amulet of magic regeneration
Regen    0.2/turn               (no ring)
MPRegen  0.2/turn               (no ring)

@: mighty, lethally poisoned (3 -> -5)
A: change form in water, swift swim, stealthy swim
a: no special abilities


You were on level 2 of the Dungeon.
You were not hungry.

You visited 1 branch of the dungeon, and saw 3 of its levels.

You collected 122 gold pieces.

Inventory:

Hand Weapons
 a - a +1 mace (weapon)
Missiles
 d - 26 sling bullets
 g - 65 stones (quivered)
 h - 53 arrows
 l - 20 bolts
Armour
 e - a +0 robe (worn)
Jewellery
 j - an amulet of magic regeneration (around neck)
Scrolls
 k - 3 scrolls of identify
Potions
 f - a potion of might
Books
 b - a book of Air

   Spells                             Type                      Level
   a - Shock                          Conjuration/Air              1
   b - Swiftness                      Charms/Air                   2
   c - Static Discharge               Conjuration/Air              3
   d - Airstrike                      Air                          4
   e - Lightning Bolt                 Conjuration/Air              5
Comestibles
 c - 3 bread rations
 i - 3 chunks of flesh


   Skills:
 * Level 3.6 Dodging
 - Level 2.1 Stealth
 * Level 2.6 Spellcasting
 * Level 2.1 Conjurations
 * Level 0.4 Charms
 - Level 3.1 Air Magic


You had 3 spell levels left.
You knew the following spells:

 Your Spells              Type           Power        Failure   Level  Hunger
a - Shock                 Conj/Air       #...         7%          1    #......
b - Static Discharge      Conj/Air       #.......     22%         3    ###....
c - Swiftness             Chrm/Air       #.......     16%         2    ###....


Dungeon Overview and Level Annotations

Branches:
Dungeon (3/15)

Altars:
Fedhas
Makhleb
Nemelex Xobeh
Ru


Message History

You have reached level 5!
You feel stronger.
* * * LOW HITPOINT WARNING * * *
You feel sick.
* * * LOW HITPOINT WARNING * * *
You feel sick.
* * * LOW HITPOINT WARNING * * *
You feel sick.
* * * LOW HITPOINT WARNING * * *
You feel sick.
There is a stone staircase leading up here.
* * * LOW HITPOINT WARNING * * *
You feel sick. Something barely misses you.
You climb upwards.
* * * LOW HITPOINT WARNING * * *
You feel sick.
There is a stone staircase leading down here.
Okay, then.
There is a lethal amount of poison in your body!
Are you sure you want to abandon this character and quit the game? (Confirm with "yes".)

### ### #.#########.#
#...........###
######.#######.....#
#.......@..##....#.# ####
#.####.###'##..###.# ...##
#......#...........# ....#
########......#######
....#########..#......##....####
....#≈≈≈≈≈≈≈#.......#.##.##.#..#
....#≈≈...≈≈#..#....#..#.##.#..#
....#≈..#..≈#.########.#.####..##
...##≈.###..'.....####.#........#


There were no monsters in sight!

Vanquished Creatures
  An orc wizard (D:3)
  3 adders (D:2)
  An ooze (D:1)
  A worm (D:1)
  A dart slug (D:2)
  2 leopard geckos (D:2)
  2 orcs (D:3)
  A giant cockroach (D:2)
  5 goblins
  7 hobgoblins
  3 jackals
  4 quokkas
  A ball python (D:2)
  5 bats
  3 frilled lizards
  5 kobolds
  5 rats
50 creatures vanquished.

Notes
Turn   | Place    | Note
-------+----------+-------------------------------------------
     0 | D:1      | Chiseanne the Merfolk Air Elementalist began the quest for the Orb.
     0 | D:1      | Reached XP level 1. HP: 13/13 MP: 3/3
   366 | D:1      | Reached skill level 1 in Conjurations
   433 | D:1      | Reached XP level 2. HP: 19/19 MP: 0/5
  1323 | D:1      | Reached XP level 3. HP: 24/24 MP: 3/6
  1539 | D:1      | Learned a level 3 spell: Static Discharge
  1542 | D:1      | Learned a level 2 spell: Swiftness
  1604 | D:2      | Found a blossoming altar of Fedhas.
  1701 | D:2      | Found a burning altar of Makhleb.
  1704 | D:2      | Found a sacrificial altar of Ru.
  1972 | D:2      | Reached XP level 4. HP: 29/30 MP: 5/7
  2145 | D:2      | Found a sparkling altar of Nemelex Xobeh.
  2698 | D:3      | Reached XP level 5. HP: 9/35 MP: 1/8
  2704 | D:2      | Quit the game

Vault maps used:
D:1:      minmay_arrival_hallway
D:2:      nicolae_overflow_hidden_temple, fedhas_altar_1,
          nemelex_xobeh_ov_fountains_minmay, kennysheep_generic_room_8
D:3:      elyvilon_altar_3, first_bread, uniq_crazy_yiuf_cottage

Skill      XL: |  1  2  3  4 |
---------------+-------------+-----
Conjurations   | 1 2 |  2.1
Dodging        | 3 |  3.6
Air Magic      | 3 |  3.1
Stealth        | |  2.1
Spellcasting   | |  2.6
Charms         | |  0.4

Action                   |  1- 3 |  4- 6 || total
-------------------------+-------+-------++-------
Melee: Mace              |    15 |     8 ||    23
 Cast: Shock             |    84 |    54 ||   138
  Use: Scroll            |     6 |     1 ||     7
       Potion            |       |     1 ||     1
 Stab: Sleeping          |       |     1 ||     1
  Eat: Chunk             |     5 |     3 ||     8
Armor: Robe              |     4 |     2 ||     6
Dodge: Dodged            |    28 |    21 ||    49
